 Dungeon Crawl Stone Soup version 0.27-a0-972-gd1521fd518 (webtiles) character file.

Game seed: 11253061958479754063

18 Alarkh the Insei (level 2, 0/21 HPs)
             Began as a Demonspawn Transmuter on Apr 13, 2021.
             Succumbed to a killer bee's poison
             ... on level 4 of the Dungeon.
             The game lasted 00:01:25 (1111 turns).

Alarkh the Insei (Demonspawn Transmuter)            Turns: 1111, Time: 00:01:26

Health: 0/21       AC:  4    Str: 10    XL:     2   Next: 51%
Magic:  5/5        EV: 12    Int: 14    God:
Gold:   38         SH:  0    Dex: 13    Spells: 4/5 levels left

rFire    . . .     SeeInvis .     - Unarmed
rCold    . . .     Faith    .   (no shield)
rNeg     . . .     Spirit   .   a - +0 robe
rPois    .         Reflect  .   (helmet currently unavailable)
rElec    .         Harm     .   c - +1 cloak
rCorr    .         Rampage  .   (no gloves)
Will     .....                  (boots currently unavailable)
Stlth    +.........             (no amulet)
HPRegen  0.07/turn              (no ring)
MPRegen  0.09/turn              (no ring)

@: lethally poisoned (0 -> -6), appendages (expiring), weak-willed
A: horns 2, talons 2, powered by death 1
a: End Transformation


You were on level 4 of the Dungeon.
You had temporarily grown beastly horns and talons.
You visited 1 branch of the dungeon, and saw 3 of its levels.

You collected 38 gold pieces.

Inventory:

Armour
 a - a +0 robe (worn)
 c - a +1 cloak (worn)
 e - a +0 cloak
Jewellery
 h - a ring of fire
Scrolls
 r - a scroll of identify
Potions
 d - a potion of curing


   Skills:
 + Level 1.3 Fighting
 - Level 1.7 Dodging
 * Level 3.1 Unarmed Combat
 + Level 2.2 Spellcasting
 + Level 2.0 Transmutations


You had 4 spell levels left.
You knew the following spells:

 Your Spells              Type           Power      Damage    Failure   Level
a - Beastly Appendage     Tmut           14%        N/A       10%         1

Your spell library contained the following spells:

 Spells                   Type           Power      Damage    Failure   Level
 Wereblood                Tmut           7%         N/A       16%         2
 Spider Form              Tmut/Pois      2%         N/A       43%         3
 Ice Form                 Ice/Tmut       4%         N/A       83%         4
 Hydra Form               Tmut           3%         N/A       95%         5


Dungeon Overview and Level Annotations

Branches:
Dungeon (2/15)

Altars:


Innate Abilities, Weirdness & Mutations

You have temporarily grown beastly horns and talons.
You regenerate a little health from kills.


Message History

A killer bee comes into view.
The killer bee buzzes angrily.
A killer bee comes into view.
The killer bee buzzes angrily.
A killer bee comes into view.
The killer bee buzzes angrily.
An orc wizard comes into view. It is wielding a +0 dagger.
The orc wizard shouts!
A killer bee comes into view.
The killer bee buzzes angrily.
An orc and an orc wizard come into view.
Okay, then.
Okay, then.
It was a potion of heal wounds.
You feel much better.
A goblin comes into view. It is wielding a +0 club.
An orc comes into view. It is wielding a +0 club.
The killer bee barely misses you. The killer bee stings you.
Okay, then.
As you read the scroll labelled ENNONA ECVIDD, it crumbles to dust.
It is a scroll of amnesia.
Really abort (and waste the scroll)?
Okay, then.
Your transformation is almost over.
The killer bee stings you. x2
As you read the scroll labelled CIHUOL BEMM, it crumbles to dust.
Magic quickly surges around you.
It was a scroll of vulnerability.
The killer bee stings you!
* * * LOW HITPOINT WARNING * * *
The killer bee closely misses you. The killer bee barely misses you.
The orc wizard gestures at itself while chanting.
The orc wizard flickers and vanishes!
Deactivating autopickup; reactivate with Ctrl-A.
Found 4 gold pieces.
The killer bee stings you.
* * * LOW HITPOINT WARNING * * *
You are lethally poisoned!
The killer bee poisons you!
You die...

...... ..... ....
... ..## ..# #.# ###
###@###...
#...o#####y.........
#...o{yy.g..#....$..
#.o..y#######......#
#...y .####.# #..o
## . #.. #. #


You could see 2 killer bees and a goblin (weak-willed).

Vanquished Creatures
  A dart slug (D:2)
  4 endoplasms (D:1)
  A giant cockroach (D:2)
  A goblin (D:1)
  2 hobgoblins (D:1)
  A quokka (D:1)
  A ball python (D:1)
  2 bats (D:1)
  A frilled lizard (D:2)
  A rat (D:2)
15 creatures vanquished.

Notes
Turn   | Place    | Note
-------+----------+-------------------------------------------
     0 | D:1      | Alarkh the Demonspawn Transmuter began the quest for the
                  | Orb.
     0 | D:1      | Reached XP level 1. HP: 15/15 MP: 3/3
   537 | D:1      | Found a faded altar of an unknown god.
   673 | D:1      | Gained mutation: You regenerate a little health from kills.
                  | [demonic ancestry]
   673 | D:1      | Reached XP level 2. HP: 21/21 MP: 3/5
   742 | D:1      | Reached skill level 3 in Unarmed Combat
  1103 | D:2      | You fall into a shaft and drop 2 floors!
  1103 | D:4      | Noticed a killer bee
  1103 | D:4      | Noticed a killer bee
  1103 | D:4      | Noticed a killer bee
  1103 | D:4      | Noticed a killer bee
  1111 | D:4      | Succumbed to a killer bee's poison

Illustrated notes

Levels and vault maps discovered:
D:1:      amcnicky_arrival_abandoned_market, layout_basic,
          chequers_ecumenical_altar_simple, nrook_mini_vaults
D:2:      wad_pebble_path, layout_basic, serial_shops, nicolae_shop_behind_doors
D:4:      layout_rooms, chequers_temple_overflow_statue_of_worship,
          minmay_temple_entry_antechambers, hangedman_minor_gate_pass,
          uniq_grinder, uniq_pikel

Skill      XL: |  1  2 |
---------------+-------+-----
Unarmed Combat | 3 |  3.1
Transmutations | 2 |  2.0
Fighting       | |  1.3
Dodging        | |  1.7
Spellcasting   | |  2.2

Action                   || total
-------------------------++-------
Melee: Unarmed           ||    36
       Headbutt          ||     7
       Kick              ||     3
 Cast: Beastly Appendage ||    12
  Use: Scroll            ||     3
       Potion            ||     1
 Stab: Sleeping          ||     1
Armor: Robe              ||     5
Dodge: Dodged            ||    20

Table legend: (Time is in decaauts)
 A = Elapsed time spent in this place.
 B = Non-inter-level travel time spent in this place.
 C = Inter-level travel time spent in this place.
 D = Time resting spent in this place.
 E = Time spent auto-exploring this place.
 F = Levels seen in this place.
 G = Mean time per level.
                   A        B        C        D        E       F      G
               +--------+--------+--------+--------+--------+-----+--------+
         Total |   1108 |   1087 |     21 |      5 |    954 |   3 |  369.3 |
       Dungeon |   1108 |   1087 |     21 |      5 |    954 |   3 |  369.3 |
               +--------+--------+--------+--------+--------+-----+--------+

Top non-repeatable levels by time:
     D:1: 1021 daAuts
     D:2: 79 daAuts
     D:4: 7 daAuts
